 Dungeon Crawl Stone Soup version 0.21.1-1-g345015fe64 (webtiles) character file.

51081 Goboxel the Thaumaturge (level 14, -1/110 HPs)
             Began as a Gnoll Skald on Apr 24, 2018.
             Was a High Priest of Wu Jian.
             Slain by a komodo dragon (18 damage)
             ... on level 6 of the Lair of Beasts.
             The game lasted 01:07:24 (21713 turns).

Goboxel the Thaumaturge (Gnoll Skald)              Turns: 21713, Time: 01:07:24

Health: -1/110     AC: 16    Str: 17    XL:     14   Next: 58%
Magic:  20/28      EV: 22    Int: 17    God:    Wu Jian [*****.]
Gold:   1084       SH:  0    Dex: 23    Spells: 15/33 levels left

rFire    . . .     SeeInvis .   a - +6 long sword of Tenacity {slice, +Blink +Fly Str+4 Dex+4}
rCold    + . .     Gourm    .   (no shield)
rNeg     . . .     Faith    .   F - +1 steam dragon scales
rPois    +         Spirit   .   U - +1 helmet of Honour {rC+ Stlth+}
rElec    .         Reflect  .   O - scarf {cloud immunity}
rCorr    .         Harm     .   (no gloves)
MR       +....                  y - +1 pair of boots
Stlth    ++++++....             D - amulet of magic regeneration
HPRegen  1.28/turn              m - +3 ring of protection
MPRegen  0.46/turn              K - ring of poison resistance

@: regenerating
A: distributed training, fangs 1, strong nose
a: Wall Jump, Serpent's Lash, Heavenly Storm, Renounce Religion, Evoke Blink,
Evoke Flight


You were on level 6 of the Lair of Beasts.
You worshipped Wu Jian.
Wu Jian was extremely pleased with you.
You were very hungry.

You visited 3 branches of the dungeon, and saw 20 of its levels.
You also visited: Labyrinth.

You collected 1084 gold pieces.

Inventory:

Hand Weapons
 a - the +6 long sword of Tenacity (weapon) {slice, +Blink +Fly Str+4 Dex+4}
   (You found it on level 6 of the Dungeon)

   It inflicts extra damage upon your enemies.
   It affects your strength (+4).
   It affects your dexterity (+4).
   It lets you fly.
   It lets you blink.
 s - a +2 short sword of draining
 w - a +1 longbow of velocity
 S - a +2 demon blade of venom
Armour
 e - a +2 hat of intelligence
 p - a +3 ring mail
 y - a +1 pair of boots (worn)
 E - a +1 cloak
 F - +1 steam dragon scales (worn)
 O - a scarf of cloud immunity (worn)
 T - a cursed +0 cloak
 U - the +1 helmet of Honour (worn) {rC+ Stlth+}
   (You found it in a labyrinth)

   It protects you from cold.
   It makes you more stealthy.
Jewellery
 m - a +3 ring of protection (left hand)
 r - a +3 ring of dexterity
 A - an uncursed ring of wizardry
 D - an amulet of magic regeneration (around neck)
 K - a ring of poison resistance (right hand)
 N - an uncursed ring of stealth
Wands
 b - a wand of polymorph (12)
 h - a wand of enslavement (16)
 l - a wand of paralysis (13)
 x - a wand of flame (105)
 G - a wand of disintegration (48)
Scrolls
 c - 2 scrolls of enchant armour
 n - 10 scrolls of remove curse
 o - 3 scrolls of teleportation
 B - a scroll of blinking
 Q - 2 scrolls of magic mapping
 R - a scroll of fear
 V - 2 scrolls of identify
 W - a scroll of summoning
 X - a scroll of enchant weapon
Potions
 f - 5 potions of curing
 i - a potion of invisibility
 j - a potion of magic
 k - a potion of resistance
 q - 3 potions of lignification
 t - 2 potions of flight
 v - 4 potions of agility
 z - 3 potions of ambrosia
 C - 4 potions of haste
 H - a potion of might
 M - 3 potions of cancellation
Books
 u - a book of Callings

   Spells                             Type                      Level
   a - Summon Small Mammal            Summoning                    1
   b - Call Imp                       Summoning                    2
   c - Call Canine Familiar           Summoning                    3
   d - Summon Guardian Golem          Hexes/Summoning              3
   e - Summon Lightning Spire         Summoning/Air                4
   f - Summon Ice Beast               Ice/Summoning                4
 I - a book of Debilitation

   Spells                             Type                      Level
   a - Corona                         Hexes                        1
   b - Slow                           Hexes                        2
   c - Inner Flame                    Hexes/Fire                   3
   d - Portal Projectile              Hexes/Translocation          3
   e - Cause Fear                     Hexes                        4
   f - Leda's Liquefaction            Hexes/Earth                  4
 J - a book of Misfortune

   Spells                             Type                      Level
   a - Confusing Touch                Hexes                        1
   b - Confuse                        Hexes                        3
   c - Gell's Gravitas                Translocation                3
   d - Petrify                        Transmutation/Earth          4
   e - Metabolic Englaciation         Hexes/Ice                    5
   f - Yara's Violent Unravelling     Hexes/Transmutation          5
 L - a book of Necromancy

   Spells                             Type                      Level
   a - Pain                           Necromancy                   1
   b - Animate Skeleton               Necromancy                   1
   c - Vampiric Draining              Necromancy                   3
   d - Regeneration                   Charms/Necromancy            3
   e - Animate Dead                   Necromancy                   4
   f - Borgnjor's Vile Clutch         Necromancy/Earth             5
Miscellaneous
 P - a phial of floods
Comestibles
 d - 33 rations


   Skills:
 + Level 10.2 Fighting
 + Level 9.2 Short Blades
 + Level 10.2 Long Blades
 + Level 9.2 Axes
 + Level 9.2 Maces & Flails
 + Level 9.2 Polearms
 + Level 9.2 Staves
 + Level 9.2 Slings
 + Level 9.2 Bows
 + Level 9.2 Crossbows
 + Level 9.2 Throwing
 + Level 9.5 Armour
 + Level 10.2 Dodging
 + Level 9.2 Stealth
 + Level 9.2 Shields
 + Level 9.2 Unarmed Combat
 + Level 10.4 Spellcasting
 + Level 7.6 Conjurations
 + Level 7.6 Hexes
 + Level 9.5 Charms
 + Level 7.6 Summonings
 + Level 7.6 Necromancy
 + Level 7.6 Translocations
 + Level 7.6 Transmutations
 + Level 7.6 Fire Magic
 + Level 7.6 Ice Magic
 + Level 7.6 Air Magic
 + Level 7.6 Earth Magic
 + Level 7.6 Poison Magic
 + Level 10.0 Invocations
 + Level 9.2 Evocations


You had 15 spell levels left.
You knew the following spells:

 Your Spells              Type           Power        Failure   Level  Hunger
a - Infusion              Chrm           ####         1%          1    None
b - Song of Slaying       Chrm           #####...     1%          2    None
c - Shroud of Golubria    Chrm/Tloc      #####.....   1%          2    None
d - Regeneration          Chrm/Necr      #####.....   1%          3    None
e - Spectral Weapon       Hex/Chrm       #####...     1%          3    None
f - Call Canine Familiar  Summ           #####...     1%          3    None
g - Summon Ice Beast      Ice/Summ       #####...     3%          4    ###....


Dungeon Overview and Level Annotations

Branches:
Dungeon (13/15)            Temple (1/1) D:4            Lair (6/6) D:9
 Shoals (0/4) Lair:3       Spider (0/4) Lair:3        Slime (0/5) Lair:6
    Orc (0/2) D:11         Vaults (0/5) D:13

Altars:
Ashenzari
Cheibriados
Dithmenos
Elyvilon
Fedhas
Gozag
Hepliaklqana
Kikubaaqudgha
Makhleb
Nemelex Xobeh
Okawaru
Qazlal
Ru
Sif Muna
Trog
Uskayaw
Vehumet
Wu Jian
Xom
Yredelemnul
Zin
The Shining One
Jiyva

Shops:
D:4 %   D:7 (

Annotations:
D:3 Goboxel's ghost, amateur GnSk
D:8 Goboxel's ghost, novice DsGl
Lair:2 exclusions: ice statue and oklob plant


Innate Abilities, Weirdness & Mutations

Your experience applies equally to all skills.
You have very sharp teeth.
Your uncanny sense of smell can sniff out nearby items.


Message History

Your skin crawls.
The komodo dragon bites you but does no damage.
The komodo dragon bites you!
* * * LOW HITPOINT WARNING * * *
Your ice beast hits the komodo dragon but does no damage.
The komodo dragon bites your ice beast!
Your ice beast hits the komodo dragon but does no damage. x2
Your ice beast hits the komodo dragon but does no damage.
Your ice beast hits the komodo dragon.
Your ice beast freezes the komodo dragon!
The komodo dragon seems to slow down.
The komodo dragon bites your ice beast.
Your ice beast hits the komodo dragon.
Your ice beast freezes the komodo dragon!
The komodo dragon seems to slow down.
The komodo dragon dies!
The Council accepts your kill.
You spin and attack the komodo dragon.
You slash the komodo dragon!
The komodo dragon is severely wounded.
The komodo dragon bites you!!
You die...

................. ...#.
................ .....
..........P...## .... .....
..........P....# #..... .....
...........P..###......# ..#
........†.......#.......# #
.......†.Y................ #
.........Y.l................#
........#≈≈.@................
?............≈≈≈≈................
.............§≈≈.................
............≈≈≈§§............#...
#...........###.≈............#..P
............#.#..............#..≈
#...................P.......#####
#....................P......#.###
............#.......#.......#.≈≈≈


You could see a komodo dragon (pinned) and 2 friendly ice beasts.

Vanquished Creatures
  A minotaur (Lab)
  4 hydras
  Erica (D:10)
  3 two-headed ogres
  An ogre mage (D:13)
  A death yak (D:11)
  Nergalle (D:12)
  2 unseen horrors
  A wolf spider zombie (D:10)
  A lindwurm (Lair:6)
  2 cyclopes
  4 black mambas
  A merfolk siren (Lair:3)
  6 elephants (Lair:6)
  A torpor snail (Lair:6)
  A gargoyle (D:11)
  17 spiny frogs
  5 komodo dragons
  A freezing wraith (Lair:2)
  3 merfolk (Lair:3)
  A hornet (Lair:4)
  A polar bear (Lair:2)
  Grinder (D:3)
  4 tyrant leeches (Lair:6)
  5 dream sheep (Lair:4)
  19 blink frogs
  4 slime creatures (D:12)
  4 hippogriffs
  48 yaks
  A basilisk (Lair:2)
  A human (D:7)
  Eustachio (D:5)
  3 steam dragons
  5 vampire mosquitoes (Lair:6)
  2 hogs (D:7)
  An acid dragon (D:12)
  11 porcupines
  9 water moccasins
  Duvessa (D:5)
  3 orc warriors
  A swamp drake (D:11)
  An eye of draining (D:11)
  A necrophage (D:12)
  12 ice beasts
  4 phantoms
  A sky beast (D:7)
  4 ogres
  3 black bears
  5 wolves (Lair:4)
  5 centaurs
  11 crocodiles
  28 bullfrogs
  2 big kobolds
  Dowan (D:5)
  6 scorpions
  2 howler monkeys
  4 electric eels
  7 crimson imps
  4 jellies
  A quasit (D:13)
  2 bullfrog zombies
  8 hounds
  4 bullfrog skeletons
  6 orc priests
  10 orc wizards
  2 centaur skeletons
  Jessica (D:2)
  2 iguanas (D:9)
  Terence (D:2)
  6 worker ants
  2 killer bee zombies (D:9)
  2 bullfrog simulacra (D:11)
  4 hound zombies
  A hound skeleton (D:5)
  2 worker ant zombies
  Robin (D:2)
  7 gnolls
  14 adders
  3 shadow imps
  8 white imps
  A worker ant simulacrum (D:11)
  An ooze (D:9)
  An adder skeleton (D:8)
  A worm (D:4)
  A dart slug (D:2)
  2 leopard geckos
  31 orcs
  3 bats
  8 giant cockroaches
  15 goblins
  9 hobgoblins
  16 jackals
  3 quokkas
  4 frilled lizards
  14 kobolds
  A leopard gecko zombie (D:9)
  A quokka skeleton (D:9)
  6 rats
489 creatures vanquished.

Vanquished Creatures (collateral kills)
  A hydra (Lair:6)
  An elephant (Lair:6)
  A spiny frog (Lair:6)
  A komodo dragon (Lair:6)
  7 blink frogs
  A hippogriff (Lair:6)
  A tyrant leech (Lair:6)
  10 yaks
  A vampire mosquito (Lair:6)
  An ogre (D:9)
  2 bullfrogs
  3 kobolds (D:10)
30 creatures vanquished.

Vanquished Creatures (others)
  A leopard gecko (D:7)
  12 fungi
  57 plants
  16 spectral weapons
86 creatures vanquished.

Grand Total: 605 creatures vanquished

Notes
Turn   | Place    | Note
-------+----------+-------------------------------------------
     0 | D:1      | Goboxel the Gnoll Skald began the quest for the Orb.
     0 | D:1      | Reached XP level 1. HP: 20/20 MP: 6/6
    68 | D:1      | Found a snail-covered altar of Cheibriados.
   125 | D:1      | Reached XP level 2. HP: 26/26 MP: 7/7
   554 | D:2      | Learned a level 2 spell: Song of Slaying
   557 | D:2      | Learned a level 2 spell: Shroud of Golubria
   564 | D:2      | Reached XP level 3. HP: 31/31 MP: 9/9
   580 | D:2      | Learned a level 3 spell: Regeneration
   584 | D:2      | Learned a level 3 spell: Spectral Weapon
   594 | D:2      | Reached skill level 5 in Spellcasting
   595 | D:2      | Found a sparkling altar of Nemelex Xobeh.
   749 | D:2      | Reached skill level 1 in Invocations
   765 | D:2      | Reached skill level 1 in Short Blades
   765 | D:2      | Reached skill level 1 in Axes
   765 | D:2      | Reached skill level 1 in Maces & Flails
   765 | D:2      | Reached skill level 1 in Polearms
   765 | D:2      | Reached skill level 1 in Staves
   765 | D:2      | Reached skill level 1 in Slings
   765 | D:2      | Reached skill level 1 in Bows
   765 | D:2      | Reached skill level 1 in Crossbows
   765 | D:2      | Reached skill level 1 in Throwing
   765 | D:2      | Reached skill level 1 in Stealth
   765 | D:2      | Reached skill level 1 in Shields
   765 | D:2      | Reached skill level 1 in Unarmed Combat
   765 | D:2      | Reached skill level 1 in Evocations
   797 | D:2      | Reached XP level 4. HP: 35/38 MP: 11/11
   812 | D:2      | Noticed Robin
   828 | D:2      | Killed Robin
   967 | D:2      | Noticed Terence
   976 | D:2      | Killed Terence
   976 | D:2      | Reached skill level 1 in Conjurations
   976 | D:2      | Reached skill level 1 in Hexes
   976 | D:2      | Reached skill level 1 in Summonings
   976 | D:2      | Reached skill level 1 in Necromancy
   976 | D:2      | Reached skill level 1 in Translocations
   976 | D:2      | Reached skill level 1 in Transmutations
   976 | D:2      | Reached skill level 1 in Fire Magic
   976 | D:2      | Reached skill level 1 in Ice Magic
   976 | D:2      | Reached skill level 1 in Air Magic
   976 | D:2      | Reached skill level 1 in Earth Magic
   976 | D:2      | Reached skill level 1 in Poison Magic
  1013 | D:2      | Reached XP level 5. HP: 37/43 MP: 8/12
  1027 | D:2      | Found a faded altar of an unknown god.
  1178 | D:2      | Noticed Jessica
  1186 | D:2      | Killed Jessica
  1677 | D:3      | Noticed Grinder
  1916 | D:4      | Reached XP level 6. HP: 47/50 MP: 3/13
  1931 | D:4      | Found Cifat's Food Boutique.
  2429 | D:4      | Reached skill level 5 in Fighting
  2429 | D:4      | Reached skill level 5 in Long Blades
  2429 | D:4      | Reached skill level 5 in Dodging
  2665 | D:4      | Found a staircase to the Ecumenical Temple.
  2817 | D:5      | Entered Level 5 of the Dungeon
  2827 | D:5      | Noticed an ice beast
  2834 | D:5      | Killed an ice beast
  2834 | D:5      | Reached XP level 7. HP: 52/56 MP: 4/15
  3039 | D:3      | Noticed Goboxel's ghost (amateur GnSk)
  3358 | D:3      | Killed Grinder
  4006 | D:5      | Noticed Dowan
  4006 | D:5      | Noticed Duvessa
  4021 | D:5      | Killed Duvessa
  4021 | D:5      | Reached XP level 8. HP: 62/63 MP: 4/16
  4291 | D:5      | Killed Dowan
  4607 | D:5      | Found a stormy altar of Qazlal.
  4613 | D:5      | Noticed an air elemental
  4629 | D:5      | Noticed a water elemental
  4714 | D:5      | Noticed Eustachio
  4729 | D:5      | Killed Eustachio
  4836 | D:6      | Got an iridescent long sword
  4837 | D:6      | Identified the +6 long sword of Tenacity {slice, +Blink +Fly Str+4 Dex+4} (You found it on level 6 of the Dungeon)
  4920 | D:6      | Reached XP level 9. HP: 34/69 MP: 14/18
  5255 | D:6      | Learned a level 3 spell: Call Canine Familiar
  5499 | D:7      | Found Imamn's Weapon Shop.
  5803 | D:7      | Reached skill level 5 in Armour
  5822 | D:7      | Found a blossoming altar of Fedhas.
  5822 | D:7      | Found a bloodstained altar of Trog.
  6499 | D:7      | Reached skill level 5 in Invocations
  6515 | D:7      | Reached XP level 10. HP: 34/77 MP: 12/20
  7157 | D:8      | Noticed Goboxel's ghost (novice DsGl)
  7274 | D:9      | Reached skill level 5 in Short Blades
  7274 | D:9      | Reached skill level 5 in Axes
  7274 | D:9      | Reached skill level 5 in Maces & Flails
  7274 | D:9      | Reached skill level 5 in Polearms
  7274 | D:9      | Reached skill level 5 in Staves
  7274 | D:9      | Reached skill level 5 in Slings
  7274 | D:9      | Reached skill level 5 in Bows
  7274 | D:9      | Reached skill level 5 in Crossbows
  7274 | D:9      | Reached skill level 5 in Throwing
  7274 | D:9      | Reached skill level 5 in Stealth
  7274 | D:9      | Reached skill level 5 in Shields
  7274 | D:9      | Reached skill level 5 in Unarmed Combat
  7274 | D:9      | Reached skill level 5 in Evocations
  7457 | D:9      | Found a staircase to the Lair.
  7934 | D:9      | Reached XP level 11. HP: 84/84 MP: 18/22
  8095 | D:10     | Entered Level 10 of the Dungeon
  8761 | Temple   | Entered the Ecumenical Temple
  8964 | Temple   | Became a worshipper of the Wu Jian Council
  9210 | D:10     | Noticed Erica
  9224 | D:10     | Killed Erica
  9224 | D:10     | Reached skill level 5 in Conjurations
  9224 | D:10     | Reached skill level 5 in Hexes
  9224 | D:10     | Reached skill level 5 in Summonings
  9224 | D:10     | Reached skill level 5 in Necromancy
  9224 | D:10     | Reached skill level 5 in Translocations
  9224 | D:10     | Reached skill level 5 in Transmutations
  9224 | D:10     | Reached skill level 5 in Fire Magic
  9224 | D:10     | Reached skill level 5 in Ice Magic
  9224 | D:10     | Reached skill level 5 in Air Magic
  9224 | D:10     | Reached skill level 5 in Earth Magic
  9224 | D:10     | Reached skill level 5 in Poison Magic
  9496 | D:10     | Killed an unseen horror
 10139 | D:11     | Noticed a death yak
 10160 | D:11     | Killed a death yak
 10541 | D:11     | Noticed a cyclops
 10551 | D:11     | Killed a cyclops
 10555 | D:11     | Reached * piety under Wu Jian
 10913 | D:11     | Found a staircase to the Orcish Mines.
 11106 | D:11     | Found a burning altar of Makhleb.
 11106 | D:11     | Noticed a green death
 11266 | D:12     | Found a radiant altar of Vehumet.
 11266 | D:12     | Noticed a two-headed ogre
 11275 | D:12     | Killed a two-headed ogre
 11323 | D:12     | Noticed Nergalle
 11344 | D:12     | Noticed a spectral orc warlord
 11350 | D:12     | Killed Nergalle
 11353 | D:12     | Noticed a cyclops
 11366 | D:12     | Killed a cyclops
 11366 | D:12     | Reached XP level 12. HP: 36/93 MP: 22/24
 11366 | D:12     | Reached ** piety under Wu Jian
 12565 | D:13     | Noticed a two-headed ogre
 12566 | D:13     | Found a gate to the Vaults.
 12566 | D:13     | Noticed a two-headed ogre
 12570 | D:13     | Noticed an ogre mage
 12577 | D:13     | Killed a two-headed ogre
 12583 | D:13     | Killed an ogre mage
 12586 | D:13     | Killed a two-headed ogre
 12836 | D:13     | Noticed a centaur warrior
 12941 | Lair:1   | Entered Level 1 of the Lair of Beasts
 13146 | Lair:1   | Found a labyrinth entrance.
 13199 | Lab      | Entered a labyrinth
 14548 | Lab      | Noticed a minotaur
 14560 | Lab      | Killed a minotaur
 14610 | Lab      | Got a heavily runed helmet
 14622 | Lab      | Identified the +1 helmet of Honour {rC+ Stlth+} (You found it in a labyrinth)
 15031 | Lair:1   | Reached *** piety under Wu Jian
 15498 | Lair:2   | Noticed a five-headed hydra
 15519 | Lair:2   | Noticed a four-headed hydra
 15532 | Lair:2   | Killed a four-headed hydra
 15548 | Lair:2   | Learned a level 4 spell: Summon Ice Beast
 15702 | Lair:2   | Killed a five-headed hydra
 15702 | Lair:2   | Reached XP level 13. HP: 99/101 MP: 26/26
 16598 | Lair:3   | Found a staircase to the Shoals.
 16937 | Lair:3   | Reached **** piety under Wu Jian
 17197 | Lair:3   | Found a hole to the Spider Nest.
 17225 | Lair:3   | Identified a scroll of acquirement
 17448 | Lair:4   | Got a pair of shimmering gloves
 17465 | Lair:3   | Identified the -6 pair of gloves of Midnight {Regen+ Str+5} (You found it on level 4 of the Lair of Beasts)
 17532 | Lair:4   | Got a flickering ruby amulet
 17533 | Lair:4   | Identified the amulet "Plog" {Harm *Drain rC+ Str+4} (You found it on level 4 of the Lair of Beasts)
 18661 | Lair:5   | Found a sacrificial altar of Ru.
 19347 | Lair:6   | Entered Level 6 of the Lair of Beasts
 19668 | Lair:6   | Reached skill level 10 in Spellcasting
 19700 | Lair:6   | Found a viscous altar of Jiyva.
 19700 | Lair:6   | Found a staircase to the Slime Pits.
 19762 | Lair:6   | Reached XP level 14. HP: 95/109 MP: 20/28
 19764 | Lair:6   | Reached ***** piety under Wu Jian
 19909 | Lair:6   | Reached skill level 10 in Fighting
 19909 | Lair:6   | Reached skill level 10 in Long Blades
 19909 | Lair:6   | Reached skill level 10 in Dodging
 21389 | Lair:6   | Reached skill level 10 in Invocations
 21713 | Lair:6   | Slain by a komodo dragon

Skill      XL: |  1  2  3  4  5  6  7  8  9 10 11 12 13 14 |
---------------+-------------------------------------------+-----
Spellcasting   | 5 6 7 8 9 10 | 10.4
Invocations    | 1 2 3 4 5 6 7 8 9 10 | 10.0
Short Blades   | 1 2 3 4 5 6 7 8 9 |  9.2
Axes           | 1 2 3 4 5 6 7 8 9 |  9.2
Maces & Flails | 1 2 3 4 5 6 7 8 9 |  9.2
Polearms       | 1 2 3 4 5 6 7 8 9 |  9.2
Staves         | 1 2 3 4 5 6 7 8 9 |  9.2
Slings         | 1 2 3 4 5 6 7 8 9 |  9.2
Bows           | 1 2 3 4 5 6 7 8 9 |  9.2
Crossbows      | 1 2 3 4 5 6 7 8 9 |  9.2
Throwing       | 1 2 3 4 5 6 7 8 9 |  9.2
Stealth        | 1 2 3 4 5 6 7 8 9 |  9.2
Shields        | 1 2 3 4 5 6 7 8 9 |  9.2
Unarmed Combat | 1 2 3 4 5 6 7 8 9 |  9.2
Evocations     | 1 2 3 4 5 6 7 8 9 |  9.2
Conjurations   | 1 2 3 4 5 6 7 |  7.6
Hexes          | 1 2 3 4 5 6 7 |  7.6
Summonings     | 1 2 3 4 5 6 7 |  7.6
Necromancy     | 1 2 3 4 5 6 7 |  7.6
Translocations | 1 2 3 4 5 6 7 |  7.6
Transmutations | 1 2 3 4 5 6 7 |  7.6
Fire Magic     | 1 2 3 4 5 6 7 |  7.6
Ice Magic      | 1 2 3 4 5 6 7 |  7.6
Air Magic      | 1 2 3 4 5 6 7 |  7.6
Earth Magic    | 1 2 3 4 5 6 7 |  7.6
Poison Magic   | 1 2 3 4 5 6 7 |  7.6
Armour         | 3 4 5 6 7 8 9 |  9.5
Fighting       | 5 6 7 8 9 10 | 10.2
Long Blades    | 5 6 7 8 9 10 | 10.2
Dodging        | 5 6 7 8 9 10 | 10.2
Charms         | 6 7 8 9 |  9.5

Action                   |  1- 3 |  4- 6 |  7- 9 | 10-12 | 13-15 || total
-------------------------+-------+-------+-------+-------+-------++-------
Melee: Falchion          |    66 |   140 |    73 |       |       ||   279
       Bite              |    11 |    16 |    38 |   121 |   139 ||   325
       Punch             |       |     1 |    10 |    34 |    46 ||    91
       Short sword       |       |       |    37 |     5 |    19 ||    61
       Dagger            |       |       |    37 |    15 |       ||    52
       Long sword        |       |       |    95 |   513 |   572 ||  1180
 Cast: Infusion          |     4 |    13 |     4 |     1 |     1 ||    23
       Spectral Weapon   |     2 |     4 |    13 |    26 |    25 ||    70
       Shroud of Golubri |       |     8 |     4 |     9 |     3 ||    24
       Song of Slaying   |       |     3 |     7 |     5 |     6 ||    21
       Regeneration      |       |       |     6 |    17 |    17 ||    40
       Call Canine Famil |       |       |     1 |     9 |     4 ||    14
       Summon Ice Beast  |       |       |       |       |    40 ||    40
Invok: Lunge             |       |       |       |    31 |    34 ||    65
       Whirlwind         |       |       |       |    27 |   100 ||   127
       Wall Jump         |       |       |       |    40 |    47 ||    87
       Serpent's Lash    |       |       |       |       |     1 ||     1
Evoke: Wand              |       |       |       |    13 |     4 ||    17
  Use: Scroll            |     1 |       |    17 |     7 |    12 ||    37
       Potion            |       |       |       |     4 |     2 ||     6
 Stab: Sleeping          |     1 |       |     1 |    20 |     7 ||    29
       Distracted        |       |     1 |     2 |     4 |    13 ||    20
       Confused          |       |       |       |     4 |       ||     4
       Paralysed         |       |       |       |     1 |     2 ||     3
  Eat: Chunk             |       |     6 |    14 |    20 |    24 ||    64
       Ration            |       |       |       |     3 |       ||     3
Armor: Leather armour    |    15 |    18 |       |       |       ||    33
       Ring mail         |       |    36 |   109 |     5 |       ||   150
       Steam dragon scal |       |       |       |   203 |   156 ||   359
Dodge: Dodged            |    61 |   110 |   185 |   490 |   605 ||  1451
       Rpst.: Falchion   |    22 |    38 |    18 |       |       ||    78
       Long sword        |       |       |    18 |   129 |   168 ||   315
